 Dungeon Crawl Stone Soup version 0.31-a0-145-g046c7d2549 (console) character file.

Game seed: 12451675578577186396

49 Ignak the Ogre Mage (level 3, -1/33 HPs)
             Began as an Ogre Hedge Wizard on June 6, 2023.
             Succumbed to an adder's poison
             ... on level 2 of the Dungeon.
             The game lasted 00:03:48 (1862 turns).

Ignak the Ogre Mage (Ogre Hedge Wizard)             Turns: 1862, Time: 00:03:48

Health: -1/33      AC:  3    Str: 13 (14) XL:     3   Next: 77%
Magic:  5/8        EV:  9    Int: 14 (17) God:
Gold:   62         SH:  0    Dex:  7 (8)  Spells: 1/9 levels left

rFire   . . .        a - +0 club
rCold   . . .        (no shield)
rNeg    . . .        b - +0 robe
rPois   .            c - +0 hat
rElec   .            (no cloak)
rCorr   .            (gloves unavailable)
SInv    .            (boots unavailable)
Will    .....        (no amulet)
Stlth   +            (no ring)
HPRegen 0.25/turn    (no ring)
MPRegen 0.11/turn

%: no passive effects
@: lethally poisoned (-1 -> -7), very slightly contaminated
A: large, unfitting armour, tough skin 1
a: no special abilities


You were on level 2 of the Dungeon.
You visited 1 branch of the dungeon, and saw 2 of its levels.

You collected 62 gold pieces.

Inventory:

Hand Weapons
 a - a +0 club (weapon)
Missiles
 k - 3 poisoned darts (quivered)
Armour
 b - a +0 robe (worn)
 c - a +0 hat (worn)
Scrolls
 e - a scroll of noise {unknown}
 f - a scroll of enchant weapon {unknown}
 g - a scroll of silence {unknown}
 h - a scroll of magic mapping {unknown}
 j - a scroll of teleportation {unknown}
 l - a scroll of fog {unknown}


   Skills:
 + Level 1.3 Fighting
 * Level 1.1 Maces & Flails
 + Level 2.0 Dodging
 - Level 1.4 Stealth
 + Level 0.4 Unarmed Combat
 + Level 3.8 Spellcasting
 + Level 1.1 Conjurations
 - Level 0.8 Summonings
 + Level 1.1 Translocations
 + Level 0.5 Air Magic
 + Level 0.4 Poison Magic


You had one spell level left.
You knew the following spells:

 Your Spells              Type           Power      Damage    Failure   Level
a - Magic Dart            Conj           24%        1d4       12%         1
b - Blink                 Tloc           12%        N/A       19%         2
d - Mephitic Cloud        Conj/Pois/Air  4%         N/A       41%         3
e - Call Imp              Summ           10%        N/A       22%         2

Your spell library contained the following spells:

 Spells                   Type           Power      Damage    Failure   Level
 Apportation              Tloc           12%        N/A       12%         1
 Summon Small Mammal      Summ           20%        N/A       14%         1
 Necrotise                Necr           8%         1d4       21%         1
 Slow                     Hex            8%         N/A       21%         1
 Cigotuvi's Dreadful Rot  Necr/Pois/Air  6%         N/A       26%         2
 Gell's Gravitas          Tloc           6%         N/A       36%         3
 Teleport Other           Tloc           6%         N/A       36%         3
 Dispersal                Tloc           3%         N/A       100%        6
 Chain Lightning          Conj/Air       2%         3d3       100%        9
 Fire Storm               Conj/Fire      2%         8d1       100%        9
 Shatter                  Erth           1%         3d5*      100%        9


Dungeon Overview and Level Annotations

Branches:
Dungeon (2/15)

Altars:

Annotations:
D:2 Sigmund


Innate Abilities, Weirdness & Mutations

You are too large for most types of armour.
You have tough skin. (AC +1)


Message History

Casting: Call Imp (safe; 17% risk of failure)
Confirm with . or Enter, or press ? or * to list all spells.
A tiny devil pulls itself out of the air.
The adder closely misses you.
Your magical contamination has completely faded away.
You closely miss the adder. The adder bites you but does no damage.
Your cerulean imp barely misses the adder.
The adder bites you.
You are poisoned.
The adder poisons you!
Casting: Call Imp (safe; 17% risk of failure)
Confirm with . or Enter, or press ? or * to list all spells.
You miscast Call Imp.
You are very lightly contaminated with residual magic.
Nothing appears to happen.
You feel sick. The adder bites you.
* * * LOW HITPOINT WARNING * * *
Your cerulean imp closely misses the adder.
Magic courses through your body.
* * * LOW HITPOINT WARNING * * *
You feel sick. The adder bites you but does no damage.
Your cerulean imp barely misses the adder.
Casting: Call Imp (safe; 17% risk of failure)
Confirm with . or Enter, or press ? or * to list all spells.
You miscast Call Imp.
Nothing appears to happen.
* * * LOW HITPOINT WARNING * * *
You feel sick. The adder bites you.
* * * LOW HITPOINT WARNING * * *
You are more poisoned.
The adder poisons you!
Your cerulean imp misses the adder.
Casting: Call Imp (safe; 17% risk of failure)
Confirm with . or Enter, or press ? or * to list all spells.
A tiny devil pulls itself out of the air.
* * * LOW HITPOINT WARNING * * *
You feel sick.
Your cerulean imp disappears in a puff of smoke!
The adder bites you but does no damage. The adder misses you.
It was a potion of degeneration.
There was something very wrong with that liquid.
You feel weakened.
You feel dopey.
You feel clumsy.
You die...

# ... #.# # #.# .
#.# #.# #.# #.#
#.# ##########.#
#5S@...††..#
.#.###§##########
#.......@.......#
#.#.###.#######.#
#.# #.# #.# #.#
#.#


You could see an adder (ally target) and a friendly cerulean imp (summoned).

Vanquished Creatures
  2 dart slugs (D:1)
  3 endoplasms (D:1)
  2 giant cockroaches
  3 goblins (D:1)
  4 hobgoblins (D:1)
  2 jackals (D:2)
  3 quokkas (D:1)
  5 ball pythons (D:1)
  3 kobolds
  2 rats (D:1)
29 creatures vanquished.

Vanquished Creatures (collateral kills)
  2 giant cockroaches (D:1)
  2 goblins (D:1)
  2 jackals (D:2)
  A quokka (D:1)
  A bat (D:1)
  2 frilled lizards (D:1)
  A rat (D:1)
11 creatures vanquished.

Grand Total: 40 creatures vanquished

Notes
Turn   | Place    | Note
-------+----------+-------------------------------------------
     0 | D:1      | Ignak the Ogre Hedge Wizard began the quest for the Orb.
     0 | D:1      | Reached XP level 1. HP: 16/16 MP: 5/5
   136 | D:1      | Reached skill level 1 in Translocations
   146 | D:1      | Reached skill level 1 in Conjurations
   347 | D:1      | Reached XP level 2. HP: 26/26 MP: 1/6
   445 | D:1      | Learned a level 2 spell: Blink
   448 | D:1      | Learned a level 2 spell: Call Imp
   480 | D:1      | Reached skill level 1 in Fighting
   523 | D:1      | Reached skill level 1 in Maces & Flails
   730 | D:1      | Reached XP level 3. HP: 25/33 MP: 8/8
   734 | D:1      | Learned a level 3 spell: Mephitic Cloud
  1844 | D:2      | Noticed Sigmund
  1861 | D:2      | HP: 1/33 [poisoned by an adder]
  1862 | D:2      | Succumbed to an adder's poison

Illustrated notes

Levels and vault maps discovered:
D:1:      lemuel_arrival_tunnels, layout_basic, minmay_box_of_dots
D:2:      layout_loops_ring, serial_glass, glass_columns_a, glass_columns_a,
          minmay_strange_pillars, dreamdust_ecumenical_altar_drowned_temple,
          uniq_sigmund

Skill      XL: |  1  2  3 |
---------------+----------+-----
Translocations | 1 |  1.1
Conjurations   | 1 |  1.1
Fighting       | 1 |  1.3
Maces & Flails | 1 |  1.1
Dodging        | 2 |  2.0
Stealth        | |  1.4
Unarmed Combat | |  0.4
Spellcasting   | |  3.8
Summonings     | |  0.8
Air Magic      | |  0.5
Poison Magic   | |  0.4

Action                     || total
---------------------------++-------
  Melee: Unarmed           ||    33
         Club              ||   121
   Cast: Magic Dart        ||    10
         Call Imp          ||    12
         Mephitic Cloud    ||     1
    Use: Potion            ||     2
   Stab: Distracted        ||     1
         Sleeping          ||     1
 Armour: Robe              ||    66
  Dodge: Dodged            ||    95

Table legend: (Time is in decaauts)
 A = Elapsed time spent in this place.
 B = Non-inter-level travel time spent in this place.
 C = Inter-level travel time spent in this place.
 D = Time resting spent in this place.
 E = Time spent auto-exploring this place.
 F = Levels seen in this place.
 G = Mean time per level.
                   A        B        C        D        E       F      G
               +--------+--------+--------+--------+--------+-----+--------+
         Total |   1891 |   1860 |     31 |    354 |   1021 |   2 |  945.5 |
       Dungeon |   1891 |   1860 |     31 |    354 |   1021 |   2 |  945.5 |
               +--------+--------+--------+--------+--------+-----+--------+

Top non-repeatable levels by time:
     D:1: 1529 daAuts
     D:2: 361 daAuts
